WASHINGTON vs TORONTO

Created - Friday, April 06, 2018 at 16:42

Goals
1 2 3 T
WASHINGTON 0 1 0 1
TORONTO 1 1 0 2
Shots
1 2 3 T
WASHINGTON 3 8 7 18
TORONTO 8 14 15 37

1st period

1. TORONTO , Victor Rask 19 (Jarome Iginla 11, Olli Maatta 31) at 17:20 (PP)

Penalties :
Jarome Iginla (TOR) for Roughing (Minor) at 7:55, Matt Hendricks (TOR) for High sticking (Minor) at 13:52, Casey Cizikas (WSH) for Tripping (Minor) at 16:05

2nd period

2. WASHINGTON , Zemgus Girgensons 5 (Anthony DeAngelo 5, Cal Clutterbuck 6) at 5:00
3. TORONTO , Mark Scheifele 20 (Brayden Point 22, Olli Maatta 32) at 18:31 (PP)

Penalties :
Brayden Schenn (WSH) for Hooking (Minor) at 7:32, Devante Smith-Pelly (WSH) for Roughing (Minor) at 17:38, Tom Gilbert (WSH) for Holding (Minor) at 18:52

3rd period

No Goal

Penalties :
Xavier Ouellet (WSH) for Holding (Minor) at 3:00, Victor Hedman (WSH) for Hooking (Minor) at 6:04, Mark Borowiecki (TOR) for Interference (Minor) at 16:51, Cody Franson (TOR) for Interference (Minor) at 19:16

Goalie Stats

Mike Condon (WSH), 35 saves from 37 shots - (0.946), L, 3-6-0, 59:19 minutes
Michal Neuvirth (TOR), 17 saves from 18 shots - (0.944), W, 10-11-2, 60:00 minutes

Players Stats for WASHINGTON

Player Name              G  A  P  +/- PIM S  H  SB GA TA FO     MP     PP MP  PK MP  
------------------------------------------------------------------------------------
Alexander Wennberg       0  0  0   0  0   1  0  1  0  0  9/21   21:19   2:36   3:03 
Anthony DeAngelo         0  1  1   1  0   0  0  1  0  0  0/0    17:23   0:00   5:35 
Brayden Schenn           0  0  0   0  2   2  1  0  0  0  3/4    25:03   3:27   5:34 
Brett Ritchie            0  0  0   0  0   0  0  0  0  0  0/0     4:03   0:00   0:00 
Cal Clutterbuck          0  1  1   1  0   2  0  1  0  0  1/2    12:09   0:37   0:00 
Casey Cizikas            0  0  0   0  2   1  1  1  0  0  2/2    17:09   2:53   2:07 
Colin Wilson             0  0  0   0  0   1  0  0  0  0  0/0    18:07   2:36   0:00 
Damon Severson           0  0  0   0  0   0  1  1  0  0  0/0    21:41   3:13   5:03 
Devante Smith-Pelly      0  0  0   0  2   1  3  0  0  0  0/0    15:30   0:00   0:00 
Drew Miller              0  0  0   0  0   0  0  0  0  0  0/0     1:03   0:00   0:54 
Jim Slater               0  0  0   0  0   0  0  0  0  0  0/0     0:00   0:00   0:00 
Joakim Nordstrom         0  0  0   0  0   0  0  0  0  0  0/0     0:35   0:34   0:00 
Nathan Gerbe             0  0  0   0  0   0  0  0  0  0  0/0     0:00   0:00   0:00 
Rene Bourque             0  0  0   1  0   0  0  0  0  0  0/0    12:09   0:37   0:00 
Ryan Johansen            0  0  0   0  0   4  0  0  0  0  23/42  26:32   3:27   7:01 
Tom Gilbert              0  0  0   0  2   0  1  0  0  0  0/0    14:44   0:37   0:43 
Victor Hedman            0  0  0   0  2   3  6  3  0  0  0/0    25:15   3:27   3:46 
Xavier Ouellet           0  0  0   1  2   0  2  2  0  0  0/0    14:38   2:36   0:14 
Zach Werenski            0  0  0   0  0   1  2  0  0  0  0/0    26:16   3:27   4:47 
Zemgus Girgensons        1  0  1   1  0   2  0  0  0  0  4/15   16:14   3:13   1:29 

Players Stats for TORONTO

Player Name              G  A  P  +/- PIM S  H  SB GA TA FO     MP     PP MP  PK MP  
------------------------------------------------------------------------------------
Ales Hemsky              0  0  0   0  0   0  0  0  0  0  0/0     9:34   0:00   2:04 
Brayden Point            0  1  1   0  0   3  1  0  0  0  0/2    20:16   5:09   0:00 
Cody Franson             0  0  0   0  2   1  0  2  0  0  0/0    15:51   0:00   0:00 
Drake Caggiula           0  0  0   0  0   4  1  0  0  0  0/1    14:47   0:00   2:15 
Jake Dotchin             0  0  0   0  0   0  4  1  0  0  0/0    22:35   5:08   3:19 
Jarome Iginla            0  1  1  -1  2   4  3  0  0  0  0/0    12:44   4:55   0:00 
Joshua Morrissey         0  0  0   0  0   5  2  0  0  0  0/0    25:18   5:44   3:13 
Kevin Labanc             0  0  0   0  0   2  0  0  0  0  0/1    15:07   0:00   0:00 
Mark Borowiecki          0  0  0  -1  2   0  1  0  0  0  0/0    14:36   0:00   2:07 
Mark Scheifele           1  0  1   0  0   7  1  0  0  0  15/27  22:20   5:09   2:04 
Matt Hendricks           0  0  0  -1  2   0  1  0  0  0  6/9    15:21   4:55   2:21 
Michal Kempny            0  0  0  -1  0   1  0  1  0  0  0/0    18:56   4:56   1:14 
Nino Niederreiter        0  0  0   0  0   2  4  0  0  0  0/1    17:58   5:09   0:00 
Olli Maatta              0  2  2   0  0   0  2  4  0  0  0/0    22:42   4:20   3:27 
Ondrej Kase              0  0  0  -1  0   1  0  0  0  0  0/0     7:50   0:00   0:00 
Pierre-Edouard Bellemare 0  0  0   0  0   2  1  0  0  0  8/17   12:07   0:00   4:36 
Ryan White               0  0  0   0  0   1  0  0  0  0  0/0     7:30   0:00   0:00 
Victor Rask              1  0  1   0  0   4  0  0  0  0  15/28  17:44   4:55   0:00 
Vincent Hinostroza       0  0  0   0  0   0  0  0  0  0  0/0     0:00   0:00   0:00 

3 Stars

1 - Mike Condon (WSH)
2 - Olli Maatta (TOR)
3 - Mark Scheifele (TOR)

Power Play

WASHINGTON - 0 on 4 Attempt(s) - 0.00%
TORONTO - 2 on 6 Attempt(s) - 33.33%

Penalty Kill

WASHINGTON - 4 on 6 Attempt(s) - 66.67% - Score 0 goal in Penalty Kill
TORONTO - 4 on 4 Attempt(s) - 100.00% - Score 0 goal in Penalty Kill

Team Stat

WASHINGTON - Hits : 17 - Faceoff Wins : 42 - Blocked Shots : 10 - Penalty Minutes : 12
TORONTO - Hits : 21 - Faceoff Wins : 44 - Blocked Shots : 8 - Penalty Minutes : 8

Official

Referees : Unknown
Linesman : Unknown

Game Notes

No Game Note

Finance

Level 1 -- Attendance: 5991 (99.85%) -- Ticket Income $407,388
Level 2 -- Attendance: 5000 (100.00%) -- Ticket Income $275,000
Level 3 -- Attendance: 1794 (89.70%) -- Ticket Income $55,614
Level 4 -- Attendance: 3241 (81.03%) -- Ticket Income $71,302
Luxury Box -- Attendance: 1000 (100.00%) -- Ticket Income $135,000
Game was played at the Air Canada Center.
Total Attendance: 17026 (94.59%)
Total Ticket Income: $944,304
Total Income: $944,304

WASHINGTON

5 vs 5 Forward 
   Center                   Left Wing                Right Wing               Time % Phy DF OF 
 1 Ryan Johansen            Brayden Schenn           Casey Cizikas            35     1   2  2  
 2 Alexander Wennberg       Devante Smith-Pelly      Colin Wilson             30     1   2  2  
 3 Zemgus Girgensons        Rene Bourque             Cal Clutterbuck          25     1   2  2  
 4 Ryan Johansen            Brayden Schenn           Brett Ritchie            10     1   2  2  

5 vs 5 Defense 
   Defense                  Defense                                           Time % Phy DF OF 
 1 Victor Hedman            Zach Werenski                                     40     1   2  2  
 2 Damon Severson           Tom Gilbert                                       30     1   2  2  
 3 Xavier Ouellet           Anthony DeAngelo                                  20     1   2  2  
 4 Victor Hedman            Zach Werenski                                     10     1   2  2  

PowerPlay Forward 
   Center                   Left Wing                Right Wing               Time % Phy DF OF 
 1 Ryan Johansen            Brayden Schenn           Casey Cizikas            60     1   2  2  
 2 Alexander Wennberg       Zemgus Girgensons        Colin Wilson             40     1   2  2  

PowerPlay Defense
   Defense                  Defense                                           Time % Phy DF OF 
 1 Victor Hedman            Zach Werenski                                     60     1   2  2  
 2 Damon Severson           Xavier Ouellet                                    40     1   2  2  

Penalty Kill 4 Players Forward 
   Center                   Wing                     Time % Phy DF OF 
 1 Ryan Johansen            Brayden Schenn           60     1   2  2  
 2 Alexander Wennberg       Casey Cizikas            40     1   2  2  

Penalty Kill 4 Players Defense
   Defense                  Defense                  Time % Phy DF OF 
 1 Victor Hedman            Zach Werenski            60     1   2  2  
 2 Damon Severson           Anthony DeAngelo         40     1   2  2  

Penalty Kill - 3 Players Forward 
   Forward                                           Time % Phy DF OF 
 1 Ryan Johansen                                     60     1   2  2  
 2 Brayden Schenn                                    40     1   2  2  

Penalty Kill - 3 Players Defense
   Defense                  Defense                  Time % Phy DF OF 
 1 Victor Hedman            Zach Werenski            60     1   2  2  
 2 Damon Severson           Anthony DeAngelo         40     1   2  2  

4 vs 4 Forward 
   Center                   Wing                     Time % Phy DF OF 
 1 Ryan Johansen            Brayden Schenn           60     1   2  2  
 2 Alexander Wennberg       Casey Cizikas            40     1   2  2  

4 vs 4 Defense
   Defense                  Defense                  Time % Phy DF OF 
 1 Victor Hedman            Zach Werenski            60     1   2  2  
 2 Damon Severson           Xavier Ouellet           40     1   2  2  

Last Minutes Offensive
   Center                   Left Wing                Right Wing               Defense                  Defense                  
   Ryan Johansen            Brayden Schenn           Casey Cizikas            Victor Hedman            Zach Werenski            

Last Minutes Defensive
   Center                   Left Wing                Right Wing               Defense                  Defense                  
   Ryan Johansen            Brayden Schenn           Casey Cizikas            Victor Hedman            Zach Werenski            

Goaltenders
Starting : Mike Condon              
Backup : Jeff Zatkoff             

Extra Forwards
Normal : Joakim Nordstrom, Cal Clutterbuck, Zemgus Girgensons - PP : Joakim Nordstrom, Cal Clutterbuck - PK : Zemgus Girgensons
Extra Defensemen
Normal : Xavier Ouellet, Anthony DeAngelo, Damon Severson - PP : Xavier Ouellet - PK : Anthony DeAngelo, Damon Severson
Penalty Shots
Ryan Johansen, Brayden Schenn, Alexander Wennberg, Cal Clutterbuck, Casey Cizikas

Scratches
WSH CAP HIT (Suspend), Tyler Wong (Healthy)

TORONTO

5 vs 5 Forward 
   Center                   Left Wing                Right Wing               Time % Phy DF OF 
 1 Mark Scheifele           Kevin Labanc             Brayden Point            35     1   2  2  
 2 Victor Rask              Drake Caggiula           Nino Niederreiter        30     1   2  2  
 3 Matt Hendricks           Ondrej Kase              Jarome Iginla            20     1   2  2  
 4 Pierre-Edouard Bellemare Ryan White               Ales Hemsky              15     1   2  2  

5 vs 5 Defense 
   Defense                  Defense                                           Time % Phy DF OF 
 1 Cody Franson             Joshua Morrissey                                  35     1   2  2  
 2 Olli Maatta              Jake Dotchin                                      30     1   2  2  
 3 Michal Kempny            Mark Borowiecki                                   25     1   2  2  
 4 Olli Maatta              Joshua Morrissey                                  10     1   2  2  

PowerPlay Forward 
   Center                   Left Wing                Right Wing               Time % Phy DF OF 
 1 Mark Scheifele           Nino Niederreiter        Brayden Point            60     1   2  2  
 2 Victor Rask              Matt Hendricks           Jarome Iginla            40     1   2  2  

PowerPlay Defense
   Defense                  Defense                                           Time % Phy DF OF 
 1 Jake Dotchin             Joshua Morrissey                                  60     1   2  2  
 2 Olli Maatta              Michal Kempny                                     40     1   2  2  

Penalty Kill 4 Players Forward 
   Center                   Wing                     Time % Phy DF OF 
 1 Pierre-Edouard Bellemare Matt Hendricks           60     1   2  2  
 2 Mark Scheifele           Ales Hemsky              40     1   2  2  

Penalty Kill 4 Players Defense
   Defense                  Defense                  Time % Phy DF OF 
 1 Joshua Morrissey         Jake Dotchin             60     1   2  2  
 2 Olli Maatta              Mark Borowiecki          40     1   2  2  

Penalty Kill - 3 Players Forward 
   Forward                                           Time % Phy DF OF 
 1 Pierre-Edouard Bellemare                          60     1   2  2  
 2 Matt Hendricks                                    40     1   2  2  

Penalty Kill - 3 Players Defense
   Defense                  Defense                  Time % Phy DF OF 
 1 Joshua Morrissey         Jake Dotchin             60     1   2  2  
 2 Olli Maatta              Mark Borowiecki          40     1   2  2  

4 vs 4 Forward 
   Center                   Wing                     Time % Phy DF OF 
 1 Mark Scheifele           Nino Niederreiter        60     1   2  2  
 2 Victor Rask              Pierre-Edouard Bellemare 40     1   2  2  

4 vs 4 Defense
   Defense                  Defense                  Time % Phy DF OF 
 1 Michal Kempny            Joshua Morrissey         60     1   2  2  
 2 Olli Maatta              Jake Dotchin             40     1   2  2  

Last Minutes Offensive
   Center                   Left Wing                Right Wing               Defense                  Defense                  
   Mark Scheifele           Nino Niederreiter        Brayden Point            Cody Franson             Joshua Morrissey         

Last Minutes Defensive
   Center                   Left Wing                Right Wing               Defense                  Defense                  
   Victor Rask              Pierre-Edouard Bellemare Matt Hendricks           Cody Franson             Olli Maatta              

Goaltenders
Starting : Michal Neuvirth          
Backup : Brian Elliott            

Extra Forwards
Normal : Nino Niederreiter, Drake Caggiula, Pierre-Edouard Bellemare - PP : Victor Rask, Drake Caggiula - PK : Matt Hendricks
Extra Defensemen
Normal : Michal Kempny, Jake Dotchin, Olli Maatta - PP : Michal Kempny - PK : Jake Dotchin, Olli Maatta
Penalty Shots
Mark Scheifele, Nino Niederreiter, Victor Rask, Matt Hendricks, Jarome Iginla

Scratches
Jan Rutta (Healthy), TOR Cap Hit (Healthy)

% Time on Ice - WASHINGTON

Lines # - Real PCT - Wanted PCT - Time Play
Normal Forward
1 - 28% - 35% - 11:53
2 - 36% - 30% - 15:31
3 - 27% - 25% - 11:32
4 - 9% - 10% - 4:03
Normal Defense
1 - 39% - 40% - 16:53
2 - 31% - 30% - 13:25
3 - 27% - 20% - 11:48
4 - 2% - 10% - 0:53
PP Forward
1 - 52% - 60% - 3:27
2 - 48% - 40% - 3:13
PP Defense
1 - 52% - 60% - 3:27
2 - 48% - 40% - 3:13
PK Forward
1 - 75% - 60% - 7:33
2 - 25% - 40% - 2:31
PK Defense
1 - 50% - 60% - 5:01
2 - 50% - 40% - 5:03
PK3 Forward
1 - 0% - 60%
2 - 0% - 40%
PK3 Defense
1 - 0% - 60%
2 - 0% - 40%
44 Forward
1 - 0% - 60%
2 - 0% - 40%
44 Defense
1 - 0% - 60%
2 - 0% - 40%
Last Minute Offensive  - 0:17
Last Minute Defensive  - 0:00
Total
Forward - 60:00
Defense - 60:00

% Time on Ice - TORONTO

Lines # - Real PCT - Wanted PCT - Time Play
Normal Forward
1 - 35% - 35% - 15:07
2 - 29% - 30% - 12:32
3 - 18% - 20% - 7:50
4 - 17% - 15% - 7:30
Normal Defense
1 - 36% - 35% - 15:35
2 - 33% - 30% - 14:08
3 - 29% - 25% - 12:30
4 - 2% - 10% - 0:46
PP Forward
1 - 51% - 60% - 5:09
2 - 49% - 40% - 4:55
PP Defense
1 - 51% - 60% - 5:08
2 - 49% - 40% - 4:56
PK Forward
1 - 69% - 60% - 4:36
2 - 31% - 40% - 2:04
PK Defense
1 - 48% - 60% - 3:13
2 - 52% - 40% - 3:27
PK3 Forward
1 - 0% - 60%
2 - 0% - 40%
PK3 Defense
1 - 0% - 60%
2 - 0% - 40%
44 Forward
1 - 0% - 60%
2 - 0% - 40%
44 Defense
1 - 0% - 60%
2 - 0% - 40%
Last Minute Offensive  - 0:00
Last Minute Defensive  - 0:17
Total
Forward - 60:00
Defense - 60:00

Play-by-Play

1st period


0:01 of 1st period - Ryan Johansen wins face-off versus Mark Scheifele in neutral zone.
0:07 of 1st period - Casey Cizikas is hit by Brayden Point.
0:28 of 1st period - Brayden Point is hit by Zach Werenski.
1:17 of 1st period - Alexander Wennberg is hit by Jake Dotchin and loses puck.
1:31 of 1st period - Icing by Olli Maatta.
1:32 of 1st period - Victor Rask wins face-off versus Zemgus Girgensons in TORONTO zone.
2:52 of 1st period - Zach Werenski is hit by Jarome Iginla and loses puck.
3:24 of 1st period - Alexander Wennberg is hit by Joshua Morrissey and loses puck.
3:31 of 1st period - Shot by Colin Wilson.
3:31 of 1st period - Stopped by Michal Neuvirth without a rebound.
3:32 of 1st period - Alexander Wennberg wins face-off versus Mark Scheifele in TORONTO zone.
3:42 of 1st period - Off-side.
3:43 of 1st period - Victor Rask wins face-off versus Zemgus Girgensons in neutral zone.
4:35 of 1st period - Off-side.
4:36 of 1st period - Mark Scheifele wins face-off versus Ryan Johansen in neutral zone.
4:47 of 1st period - Shot by Mark Scheifele.
4:47 of 1st period - Shot Misses the Net.
4:49 of 1st period - Shot by Mark Borowiecki.
4:49 of 1st period - Shot Misses the Net.
4:51 of 1st period - Shot by Brayden Point.
4:51 of 1st period - Deflect By Mark Scheifele.
4:51 of 1st period - Shot Misses the Net.
4:56 of 1st period - Icing by Zach Werenski.
4:57 of 1st period - Pierre-Edouard Bellemare wins face-off versus Brayden Schenn in WASHINGTON zone.
4:57 of 1st period - Olli Maatta is hit by Zach Werenski and loses puck.
5:13 of 1st period - Brayden Schenn is hit by Jake Dotchin and loses puck.
5:31 of 1st period - Zach Werenski is hit by Jake Dotchin and loses puck.
5:43 of 1st period - Off-side.
5:44 of 1st period - Mark Scheifele wins face-off versus Alexander Wennberg in neutral zone.
6:21 of 1st period - Alexander Wennberg is hit by Joshua Morrissey.
6:25 of 1st period - Shot by Alexander Wennberg.
6:25 of 1st period - Shot Misses the Net.
6:40 of 1st period - Icing by Anthony DeAngelo.
6:41 of 1st period - Matt Hendricks wins face-off versus Zemgus Girgensons in WASHINGTON zone.
6:52 of 1st period - Shot by Jarome Iginla.
6:52 of 1st period - Stopped by Mike Condon without a rebound.
6:53 of 1st period - Victor Rask wins face-off versus Ryan Johansen in WASHINGTON zone.
6:54 of 1st period - Shot by Nino Niederreiter.
6:54 of 1st period - Stopped by Mike Condon with a rebound.
7:04 of 1st period - Shot by Brayden Schenn.
7:04 of 1st period - Shot Misses the Net.
7:06 of 1st period - Shot by Ryan Johansen.
7:06 of 1st period - Shot Misses the Net.
7:08 of 1st period - Shot by Victor Hedman.
7:08 of 1st period - Shot Misses the Net.
7:25 of 1st period - Nino Niederreiter is hit by Victor Hedman and loses puck.
7:50 of 1st period - Icing by Cal Clutterbuck.
7:51 of 1st period - Cal Clutterbuck wins face-off versus Matt Hendricks in WASHINGTON zone.
7:55 of 1st period - Minor Penalty to Jarome Iginla for Roughing.
7:56 of 1st period - Pierre-Edouard Bellemare wins face-off versus Zemgus Girgensons in TORONTO zone.
8:11 of 1st period - Shot by Damon Severson.
8:11 of 1st period - Shot Misses the Net.
9:11 of 1st period - Off-side.
9:12 of 1st period - Ryan Johansen wins face-off versus Pierre-Edouard Bellemare in neutral zone.
9:39 of 1st period - Shot by Victor Hedman.
9:39 of 1st period - Shot Misses the Net.
10:04 of 1st period - Damon Severson is hit by Nino Niederreiter and loses puck.
10:21 of 1st period - Shot by Nino Niederreiter.
10:21 of 1st period - Shot Misses the Net.
10:23 of 1st period - Shot by Drake Caggiula.
10:23 of 1st period - Shot Blocked by Cal Clutterbuck.
11:28 of 1st period - Shot by Olli Maatta.
11:28 of 1st period - Shot Blocked by Xavier Ouellet.
11:30 of 1st period - Shot by Pierre-Edouard Bellemare.
11:30 of 1st period - Stopped by Mike Condon without a rebound.
11:31 of 1st period - Matt Hendricks wins face-off versus Ryan Johansen in WASHINGTON zone.
11:31 of 1st period - Matt Hendricks is hit by Victor Hedman.
11:48 of 1st period - Shot by Matt Hendricks.
11:48 of 1st period - Shot Misses the Net.
11:50 of 1st period - Shot by Jarome Iginla.
11:50 of 1st period - Stopped by Mike Condon without a rebound.
11:51 of 1st period - Ryan Johansen wins face-off versus Pierre-Edouard Bellemare in WASHINGTON zone.
12:20 of 1st period - Icing by Zach Werenski.
12:21 of 1st period - Ryan Johansen wins face-off versus Kevin Labanc in WASHINGTON zone.
12:26 of 1st period - Shot by Zach Werenski.
12:26 of 1st period - Shot Blocked by Michal Kempny.
13:52 of 1st period - Minor Penalty to Matt Hendricks for High sticking.
13:53 of 1st period - Ryan Johansen wins face-off versus Pierre-Edouard Bellemare in TORONTO zone.
13:54 of 1st period - Shot by Victor Hedman.
13:54 of 1st period - Stopped by Michal Neuvirth without a rebound.
13:55 of 1st period - Pierre-Edouard Bellemare wins face-off versus Ryan Johansen in TORONTO zone.
14:05 of 1st period - Victor Hedman is hit by Pierre-Edouard Bellemare and loses puck.
14:13 of 1st period - Icing by Victor Hedman.
14:14 of 1st period - Pierre-Edouard Bellemare wins face-off versus Ryan Johansen in WASHINGTON zone.
14:20 of 1st period - Drake Caggiula is hit by Victor Hedman and loses puck.
14:25 of 1st period - Shot by Drake Caggiula.
14:25 of 1st period - Stopped by Mike Condon with a rebound.
14:35 of 1st period - Shot by Drake Caggiula.
14:35 of 1st period - Stopped by Mike Condon without a rebound.
14:36 of 1st period - Zemgus Girgensons wins face-off versus Drake Caggiula in WASHINGTON zone.
14:38 of 1st period - Icing by Colin Wilson.
14:39 of 1st period - Alexander Wennberg wins face-off versus Pierre-Edouard Bellemare in WASHINGTON zone.
15:05 of 1st period - Shot by Colin Wilson.
15:05 of 1st period - Shot Misses the Net.
15:07 of 1st period - Shot by Zemgus Girgensons.
15:07 of 1st period - Shot Misses the Net.
15:09 of 1st period - Shot by Alexander Wennberg.
15:09 of 1st period - Shot Misses the Net.
15:11 of 1st period - Shot by Colin Wilson.
15:11 of 1st period - Shot Blocked by Olli Maatta.
15:17 of 1st period - Shot by Colin Wilson.
15:17 of 1st period - Shot Blocked by Olli Maatta.
15:34 of 1st period - Icing by Zach Werenski.
15:35 of 1st period - Casey Cizikas wins face-off versus Mark Scheifele in WASHINGTON zone.
16:00 of 1st period - Shot by Cal Clutterbuck.
16:00 of 1st period - Stopped by Michal Neuvirth without a rebound.
16:01 of 1st period - Ryan Johansen wins face-off versus Brayden Point in TORONTO zone.
16:05 of 1st period - Minor Penalty to Casey Cizikas for Tripping.
16:06 of 1st period - Mark Scheifele wins face-off versus Ryan Johansen in WASHINGTON zone.
17:20 of 1st period - Shot by Victor Rask.
17:20 of 1st period - Goal by Victor Rask - WASHINGTON : 0 - TORONTO : 1.
17:21 of 1st period - Alexander Wennberg wins face-off versus Pierre-Edouard Bellemare in neutral zone.
17:54 of 1st period - Mark Borowiecki is hit by Devante Smith-Pelly.
18:37 of 1st period - Shot by Brayden Point.
18:37 of 1st period - Shot Blocked by Damon Severson.
18:39 of 1st period - Shot by Kevin Labanc.
18:39 of 1st period - Stopped by Mike Condon without a rebound.
18:40 of 1st period - Victor Rask wins face-off versus Zemgus Girgensons in WASHINGTON zone.
19:11 of 1st period - Icing by Joshua Morrissey.
19:12 of 1st period - Brayden Schenn wins face-off versus Victor Rask in TORONTO zone.
19:13 of 1st period - Shot by Casey Cizikas.
19:13 of 1st period - Shot Misses the Net.
19:25 of 1st period - Brayden Schenn is hit by Nino Niederreiter and loses puck.
Goals for this period are 0 for WASHINGTON vs 1 for TORONTO.
Shots for this period are 3 for WASHINGTON vs 8 for TORONTO.

2nd period


0:01 of 2nd period - Mark Scheifele wins face-off versus Ryan Johansen in neutral zone.
1:20 of 2nd period - Icing by Zach Werenski.
1:21 of 2nd period - Brayden Schenn wins face-off versus Victor Rask in WASHINGTON zone.
1:36 of 2nd period - Shot by Drake Caggiula.
1:36 of 2nd period - Stopped by Mike Condon without a rebound.
1:37 of 2nd period - Pierre-Edouard Bellemare wins face-off versus Alexander Wennberg in WASHINGTON zone.
3:50 of 2nd period - Icing by Tom Gilbert.
3:51 of 2nd period - Ryan Johansen wins face-off versus Matt Hendricks in WASHINGTON zone.
4:48 of 2nd period - Icing by Jarome Iginla.
4:49 of 2nd period - Matt Hendricks wins face-off versus Zemgus Girgensons in TORONTO zone.
5:00 of 2nd period - Shot by Zemgus Girgensons.
5:00 of 2nd period - Goal by Zemgus Girgensons - WASHINGTON : 1 - TORONTO : 1.
5:01 of 2nd period - Mark Scheifele wins face-off versus Alexander Wennberg in neutral zone.
5:01 of 2nd period - Joshua Morrissey is hit by Devante Smith-Pelly and loses puck.
5:06 of 2nd period - Shot by Devante Smith-Pelly.
5:06 of 2nd period - Stopped by Michal Neuvirth with a rebound.
5:18 of 2nd period - Shot by Alexander Wennberg.
5:18 of 2nd period - Stopped by Michal Neuvirth without a rebound.
5:19 of 2nd period - Zemgus Girgensons wins face-off versus Victor Rask in TORONTO zone.
5:59 of 2nd period - Shot by Victor Rask.
5:59 of 2nd period - Stopped by Mike Condon without a rebound.
6:00 of 2nd period - Alexander Wennberg wins face-off versus Mark Scheifele in WASHINGTON zone.
6:05 of 2nd period - Shot by Zach Werenski.
6:05 of 2nd period - Shot Blocked by Cody Franson.
6:40 of 2nd period - Off-side.
6:41 of 2nd period - Matt Hendricks wins face-off versus Ryan Johansen in neutral zone.
7:05 of 2nd period - Shot by Ryan Johansen.
7:05 of 2nd period - Stopped by Michal Neuvirth with a rebound.
7:07 of 2nd period - Shot by Ryan Johansen.
7:07 of 2nd period - Deflect By Brayden Schenn.
7:07 of 2nd period - Stopped by Michal Neuvirth without a rebound.
7:08 of 2nd period - Victor Rask wins face-off versus Cal Clutterbuck in TORONTO zone.
7:10 of 2nd period - Icing by Nino Niederreiter.
7:11 of 2nd period - Victor Rask wins face-off versus Zemgus Girgensons in TORONTO zone.
7:30 of 2nd period - Icing by Olli Maatta.
7:31 of 2nd period - Victor Rask wins face-off versus Ryan Johansen in TORONTO zone.
7:31 of 2nd period - Victor Rask is hit by Casey Cizikas.
7:32 of 2nd period - Minor Penalty to Brayden Schenn for Hooking.
7:33 of 2nd period - Mark Scheifele wins face-off versus Ryan Johansen in WASHINGTON zone.
7:58 of 2nd period - Shot by Nino Niederreiter.
7:58 of 2nd period - Deflect By Mark Scheifele.
7:58 of 2nd period - Shot Blocked by Anthony DeAngelo.
8:00 of 2nd period - Shot by Joshua Morrissey.
8:00 of 2nd period - Stopped by Mike Condon with a rebound.
8:02 of 2nd period - Shot by Jake Dotchin.
8:02 of 2nd period - Shot Misses the Net.
8:04 of 2nd period - Shot by Mark Scheifele.
8:04 of 2nd period - Stopped by Mike Condon without a rebound.
8:05 of 2nd period - Victor Rask wins face-off versus Ryan Johansen in WASHINGTON zone.
8:42 of 2nd period - Shot by Olli Maatta.
8:42 of 2nd period - Shot Misses the Net.
9:20 of 2nd period - Shot by Brayden Point.
9:20 of 2nd period - Stopped by Mike Condon without a rebound.
9:21 of 2nd period - Mark Scheifele wins face-off versus Ryan Johansen in WASHINGTON zone.
9:22 of 2nd period - Shot by Olli Maatta.
9:22 of 2nd period - Shot Blocked by Victor Hedman.
9:24 of 2nd period - Shot by Nino Niederreiter.
9:24 of 2nd period - Shot Misses the Net.
9:26 of 2nd period - Shot by Mark Scheifele.
9:26 of 2nd period - Stopped by Mike Condon without a rebound.
9:27 of 2nd period - Ryan Johansen wins face-off versus Victor Rask in WASHINGTON zone.
9:37 of 2nd period - Shot by Ryan White.
9:37 of 2nd period - Shot Misses the Net.
9:39 of 2nd period - Shot by Cody Franson.
9:39 of 2nd period - Stopped by Mike Condon without a rebound.
9:40 of 2nd period - Alexander Wennberg wins face-off versus Mark Scheifele in WASHINGTON zone.
10:15 of 2nd period - Icing by Kevin Labanc.
10:16 of 2nd period - Ryan Johansen wins face-off versus Mark Scheifele in TORONTO zone.
10:43 of 2nd period - Shot by Ryan Johansen.
10:43 of 2nd period - Shot Blocked by Cody Franson.
10:45 of 2nd period - Shot by Brayden Schenn.
10:45 of 2nd period - Shot Misses the Net.
11:39 of 2nd period - Shot by Zemgus Girgensons.
11:39 of 2nd period - Stopped by Michal Neuvirth without a rebound.
11:40 of 2nd period - Pierre-Edouard Bellemare wins face-off versus Alexander Wennberg in TORONTO zone.
12:00 of 2nd period - Ales Hemsky is hit by Victor Hedman and loses puck.
12:34 of 2nd period - Shot by Kevin Labanc.
12:34 of 2nd period - Shot Misses the Net.
12:36 of 2nd period - Shot by Mark Scheifele.
12:36 of 2nd period - Stopped by Mike Condon without a rebound.
12:37 of 2nd period - Victor Rask wins face-off versus Ryan Johansen in WASHINGTON zone.
12:39 of 2nd period - Drake Caggiula is hit by Tom Gilbert and loses puck.
12:48 of 2nd period - Icing by Ryan Johansen.
12:49 of 2nd period - Ryan Johansen wins face-off versus Mark Scheifele in WASHINGTON zone.
12:59 of 2nd period - Off-side.
13:00 of 2nd period - Zemgus Girgensons wins face-off versus Victor Rask in neutral zone.
13:39 of 2nd period - Shot by Cal Clutterbuck.
13:39 of 2nd period - Stopped by Michal Neuvirth without a rebound.
13:40 of 2nd period - Casey Cizikas wins face-off versus Mark Scheifele in TORONTO zone.
13:47 of 2nd period - Shot by Ryan Johansen.
13:47 of 2nd period - Shot Misses the Net.
13:57 of 2nd period - Shot by Ryan Johansen.
13:57 of 2nd period - Stopped by Michal Neuvirth with a rebound.
14:05 of 2nd period - Shot by Mark Scheifele.
14:05 of 2nd period - Stopped by Mike Condon without a rebound.
14:06 of 2nd period - Matt Hendricks wins face-off versus Alexander Wennberg in WASHINGTON zone.
15:35 of 2nd period - Brayden Point is hit by Brayden Schenn and loses puck.
16:48 of 2nd period - Shot by Victor Rask.
16:48 of 2nd period - Stopped by Mike Condon without a rebound.
16:49 of 2nd period - Ryan Johansen wins face-off versus Pierre-Edouard Bellemare in WASHINGTON zone.
17:00 of 2nd period - Pierre-Edouard Bellemare is hit by Victor Hedman and loses puck.
17:07 of 2nd period - Shot by Pierre-Edouard Bellemare.
17:07 of 2nd period - Stopped by Mike Condon with a rebound.
17:28 of 2nd period - Zach Werenski is hit by Jake Dotchin and loses puck.
17:38 of 2nd period - Minor Penalty to Devante Smith-Pelly for Roughing.
17:39 of 2nd period - Victor Rask wins face-off versus Alexander Wennberg in WASHINGTON zone.
18:27 of 2nd period - Shot by Olli Maatta.
18:27 of 2nd period - Shot Misses the Net.
18:31 of 2nd period - Shot by Mark Scheifele.
18:31 of 2nd period - Goal by Mark Scheifele - WASHINGTON : 1 - TORONTO : 2.
18:32 of 2nd period - Victor Rask wins face-off versus Zemgus Girgensons in neutral zone.
18:52 of 2nd period - Minor Penalty to Tom Gilbert for Holding.
18:53 of 2nd period - Ryan Johansen wins face-off versus Mark Scheifele in WASHINGTON zone.
19:14 of 2nd period - Shot by Joshua Morrissey.
19:14 of 2nd period - Shot Blocked by Victor Hedman.
19:16 of 2nd period - Shot by Joshua Morrissey.
19:16 of 2nd period - Shot Misses the Net.
19:18 of 2nd period - Shot by Joshua Morrissey.
19:18 of 2nd period - Stopped by Mike Condon without a rebound.
19:19 of 2nd period - Victor Rask wins face-off versus Alexander Wennberg in WASHINGTON zone.
19:19 of 2nd period - Victor Rask is hit by Damon Severson.
19:21 of 2nd period - Shot by Michal Kempny.
19:21 of 2nd period - Stopped by Mike Condon without a rebound.
19:22 of 2nd period - Ryan Johansen wins face-off versus Victor Rask in WASHINGTON zone.
19:43 of 2nd period - Shot by Victor Rask.
19:43 of 2nd period - Shot Blocked by Victor Hedman.
19:55 of 2nd period - Shot by Jarome Iginla.
19:55 of 2nd period - Deflect By Victor Rask.
19:55 of 2nd period - Shot Misses the Net.
Goals for this period are 1 for WASHINGTON vs 1 for TORONTO.
Shots for this period are 8 for WASHINGTON vs 14 for TORONTO.

3rd period


0:01 of 3rd period - Mark Scheifele wins face-off versus Ryan Johansen in neutral zone.
0:06 of 3rd period - Shot by Joshua Morrissey.
0:06 of 3rd period - Stopped by Mike Condon without a rebound.
0:07 of 3rd period - Mark Scheifele wins face-off versus Ryan Johansen in WASHINGTON zone.
0:16 of 3rd period - Shot by Brayden Point.
0:16 of 3rd period - Stopped by Mike Condon without a rebound.
0:17 of 3rd period - Ryan Johansen wins face-off versus Nino Niederreiter in WASHINGTON zone.
0:42 of 3rd period - Shot by Joshua Morrissey.
0:42 of 3rd period - Shot Misses the Net.
0:44 of 3rd period - Shot by Joshua Morrissey.
0:44 of 3rd period - Stopped by Mike Condon without a rebound.
0:45 of 3rd period - Ryan Johansen wins face-off versus Victor Rask in WASHINGTON zone.
0:45 of 3rd period - Ryan Johansen is hit by Jarome Iginla.
2:25 of 3rd period - Shot by Brayden Point.
2:25 of 3rd period - Shot Misses the Net.
2:55 of 3rd period - Shot by Ryan Johansen.
2:55 of 3rd period - Shot Blocked by Olli Maatta.
3:00 of 3rd period - Minor Penalty to Xavier Ouellet for Holding.
3:01 of 3rd period - Ryan Johansen wins face-off versus Victor Rask in WASHINGTON zone.
3:01 of 3rd period - Ryan Johansen is hit by Jarome Iginla.
3:20 of 3rd period - Shot by Joshua Morrissey.
3:20 of 3rd period - Stopped by Mike Condon without a rebound.
3:21 of 3rd period - Mark Scheifele wins face-off versus Ryan Johansen in WASHINGTON zone.
3:59 of 3rd period - Icing by Olli Maatta.
4:00 of 3rd period - Ryan Johansen wins face-off versus Mark Scheifele in TORONTO zone.
4:01 of 3rd period - Shot by Damon Severson.
4:01 of 3rd period - Deflect By Ryan Johansen.
4:01 of 3rd period - Stopped by Michal Neuvirth without a rebound.
4:02 of 3rd period - Ryan Johansen wins face-off versus Victor Rask in TORONTO zone.
4:07 of 3rd period - Shot by Ryan Johansen.
4:07 of 3rd period - Shot Blocked by Jake Dotchin.
5:14 of 3rd period - Shot by Ales Hemsky.
5:14 of 3rd period - Deflect By Ryan White.
5:14 of 3rd period - Stopped by Mike Condon without a rebound.
5:15 of 3rd period - Alexander Wennberg wins face-off versus Mark Scheifele in WASHINGTON zone.
5:54 of 3rd period - Mark Scheifele is hit by Victor Hedman and loses puck.
5:58 of 3rd period - Icing by Devante Smith-Pelly.
5:59 of 3rd period - Alexander Wennberg wins face-off versus Victor Rask in WASHINGTON zone.
5:59 of 3rd period - Alexander Wennberg is hit by Nino Niederreiter.
6:04 of 3rd period - Minor Penalty to Victor Hedman for Hooking.
6:05 of 3rd period - Victor Rask wins face-off versus Ryan Johansen in WASHINGTON zone.
6:10 of 3rd period - Shot by Jarome Iginla.
6:10 of 3rd period - Stopped by Mike Condon with a rebound.
7:19 of 3rd period - Shot by Joshua Morrissey.
7:19 of 3rd period - Shot Blocked by Casey Cizikas.
7:21 of 3rd period - Shot by Mark Scheifele.
7:21 of 3rd period - Stopped by Mike Condon without a rebound.
7:22 of 3rd period - Ryan Johansen wins face-off versus Brayden Point in WASHINGTON zone.
9:13 of 3rd period - Shot by Nino Niederreiter.
9:13 of 3rd period - Stopped by Mike Condon without a rebound.
9:14 of 3rd period - Ryan Johansen wins face-off versus Mark Scheifele in WASHINGTON zone.
9:42 of 3rd period - Icing by Cody Franson.
9:43 of 3rd period - Mark Scheifele wins face-off versus Alexander Wennberg in TORONTO zone.
10:13 of 3rd period - Alexander Wennberg is hit by Olli Maatta and loses puck.
10:28 of 3rd period - Off-side.
10:29 of 3rd period - Zemgus Girgensons wins face-off versus Matt Hendricks in neutral zone.
10:35 of 3rd period - Off-side.
10:36 of 3rd period - Matt Hendricks wins face-off versus Ryan Johansen in neutral zone.
11:12 of 3rd period - Shot by Victor Hedman.
11:12 of 3rd period - Shot Misses the Net.
11:14 of 3rd period - Shot by Casey Cizikas.
11:14 of 3rd period - Stopped by Michal Neuvirth without a rebound.
11:15 of 3rd period - Victor Rask wins face-off versus Zemgus Girgensons in TORONTO zone.
11:20 of 3rd period - Shot by Drake Caggiula.
11:20 of 3rd period - Stopped by Mike Condon without a rebound.
11:21 of 3rd period - Mark Scheifele wins face-off versus Alexander Wennberg in WASHINGTON zone.
11:21 of 3rd period - Mark Scheifele is hit by Xavier Ouellet.
11:34 of 3rd period - Shot by Mark Scheifele.
11:34 of 3rd period - Deflect By Brayden Point.
11:34 of 3rd period - Stopped by Mike Condon with a rebound.
11:36 of 3rd period - Shot by Kevin Labanc.
11:36 of 3rd period - Stopped by Mike Condon with a rebound.
11:39 of 3rd period - Mark Scheifele is hit by Xavier Ouellet and loses puck.
12:00 of 3rd period - Shot by Mark Scheifele.
12:00 of 3rd period - Shot Misses the Net.
12:02 of 3rd period - Shot by Joshua Morrissey.
12:02 of 3rd period - Shot Blocked by Xavier Ouellet.
12:16 of 3rd period - Icing by Devante Smith-Pelly.
12:17 of 3rd period - Alexander Wennberg wins face-off versus Victor Rask in WASHINGTON zone.
12:17 of 3rd period - Alexander Wennberg is hit by Nino Niederreiter.
12:55 of 3rd period - Victor Hedman is hit by Drake Caggiula and loses puck.
13:12 of 3rd period - Shot by Ondrej Kase.
13:12 of 3rd period - Shot Misses the Net.
13:30 of 3rd period - Shot by Jarome Iginla.
13:30 of 3rd period - Stopped by Mike Condon with a rebound.
13:40 of 3rd period - Shot by Ondrej Kase.
13:40 of 3rd period - Stopped by Mike Condon without a rebound.
13:41 of 3rd period - Mark Scheifele wins face-off versus Zemgus Girgensons in WASHINGTON zone.
13:47 of 3rd period - Icing by Damon Severson.
13:48 of 3rd period - Mark Scheifele wins face-off versus Zemgus Girgensons in WASHINGTON zone.
14:17 of 3rd period - Shot by Mark Scheifele.
14:17 of 3rd period - Stopped by Mike Condon without a rebound.
14:18 of 3rd period - Victor Rask wins face-off versus Alexander Wennberg in WASHINGTON zone.
14:31 of 3rd period - Shot by Nino Niederreiter.
14:31 of 3rd period - Shot Misses the Net.
14:33 of 3rd period - Shot by Jake Dotchin.
14:33 of 3rd period - Shot Blocked by Alexander Wennberg.
15:09 of 3rd period - Nino Niederreiter is hit by Devante Smith-Pelly and loses puck.
15:43 of 3rd period - Shot by Brayden Point.
15:43 of 3rd period - Shot Misses the Net.
16:03 of 3rd period - Colin Wilson is hit by Mark Scheifele and loses puck.
16:20 of 3rd period - Shot by Ondrej Kase.
16:20 of 3rd period - Shot Misses the Net.
16:45 of 3rd period - Ryan Johansen is hit by Mark Borowiecki and loses puck.
16:51 of 3rd period - Minor Penalty to Mark Borowiecki for Interference.
16:52 of 3rd period - Ryan Johansen wins face-off versus Pierre-Edouard Bellemare in TORONTO zone.
17:09 of 3rd period - Shot by Victor Hedman.
17:09 of 3rd period - Stopped by Michal Neuvirth with a rebound.
17:11 of 3rd period - Shot by Ryan Johansen.
17:11 of 3rd period - Stopped by Michal Neuvirth without a rebound.
17:12 of 3rd period - Ryan Johansen wins face-off versus Pierre-Edouard Bellemare in TORONTO zone.
17:12 of 3rd period - Victor Hedman is hit by Olli Maatta and loses puck.
17:24 of 3rd period - Shot by Victor Hedman.
17:24 of 3rd period - Shot Blocked by Olli Maatta.
17:26 of 3rd period - Shot by Zach Werenski.
17:26 of 3rd period - Stopped by Michal Neuvirth with a rebound.
17:39 of 3rd period - Shot by Victor Hedman.
17:39 of 3rd period - Stopped by Michal Neuvirth without a rebound.
17:40 of 3rd period - Pierre-Edouard Bellemare wins face-off versus Ryan Johansen in TORONTO zone.
18:46 of 3rd period - Zemgus Girgensons is hit by Matt Hendricks and loses puck.
18:59 of 3rd period - Shot by Victor Rask.
18:59 of 3rd period - Stopped by Mike Condon without a rebound.
19:00 of 3rd period - Brayden Schenn wins face-off versus Victor Rask in WASHINGTON zone.
19:07 of 3rd period - WASHINGTON, Mike Condon is pulled from the net.
19:15 of 3rd period - Shot by Brayden Schenn.
19:15 of 3rd period - Stopped by Michal Neuvirth without a rebound.
19:16 of 3rd period - Ryan Johansen wins face-off versus Victor Rask in TORONTO zone.
19:16 of 3rd period - Minor Penalty to Cody Franson for Interference.
19:17 of 3rd period - Pierre-Edouard Bellemare wins face-off versus Alexander Wennberg in TORONTO zone.
19:25 of 3rd period - Icing by Damon Severson.
19:26 of 3rd period - Mike Condon from WASHINGTON was sent back in the game.
19:26 of 3rd period - Alexander Wennberg wins face-off versus Pierre-Edouard Bellemare in WASHINGTON zone.
19:33 of 3rd period - WASHINGTON, Mike Condon is pulled from the net.
19:35 of 3rd period - Shot by Colin Wilson.
19:35 of 3rd period - Shot Misses the Net.
19:54 of 3rd period - Icing by Damon Severson.
19:55 of 3rd period - Mike Condon from WASHINGTON was sent back in the game.
19:55 of 3rd period - Mark Scheifele wins face-off versus Alexander Wennberg in WASHINGTON zone.
Goals for this period are 0 for WASHINGTON vs 0 for TORONTO.
Shots for this period are 7 for WASHINGTON vs 15 for TORONTO.